[Event "Early-Titled-Tuesday-Blitz-January-16-2024"]
[Site "Chess.com"]
[Date "2024.01.16"]
[Round "8"]
[White "SahibSinghKnight"]
[Black "Mistango"]
[Result "0-1"]
[WhiteElo "2658"]
[BlackElo "2501"]
[TimeControl "180+1"]
[EndTime "9:33:16 PST"]
[Termination "Mistango won by resignation"]

1. e4 e5 2. Nf3 Nc6 3. Bb5 Nf6 4. O-O Nxe4 5. d4 Nd6 6. Bxc6 dxc6 7. dxe5 Nf5 8.
Qxd8+ Kxd8 9. Nc3 h6 10. Rd1+ Ke8 11. h3 Be6 12. b3 Rd8 13. Bb2 Rd7 14. Ne2 g5 15. Nd2 Ne7 16. Ne4 Kd8 17. Nc5 Rxd1+ 18. Rxd1+ Kc8 19. Nxe6 fxe6 20. Nd4 Kd7 21. c4 Ng6 22.
Bc3 Bc5 23. Nf5+ Kc8 24. Ng7 Nf4 25. Kf1 Rg8 26. b4 Bb6 27. g3 Rxg7 28. gxf4 c5 29. f5 exf5 30. e6 Rg8 31. b5 Re8 32. Bf6 c6 33. bxc6 Rxe6 34. cxb7+ Kxb7 35. Rd7+ Kc6 36. Rf7 Re4 37. Bg7 Rxc4 38. Bxh6 g4 39. h4 Rc2 40.
Rxf5 c4 41. h5 c3 42. Bf4 Rxa2 43. h6 Rxf2+ 44. Ke1 c2 45. h7 Rxf4 46. Kd2 Rd4+ 47. Kxc2 Rd8 48. Rh5 Rh8 49. Kd3 g3 0-1

[Event "Early-Titled-Tuesday-Blitz-January-16-2024"]
[Site "Chess.com"]
[Date "2024.01.16"]
[Round "8"]
[White "evgchess5"]
[Black "K_A_S_T_O_R"]
[Result "1-0"]
[WhiteElo "2992"]
[BlackElo "2915"]
[TimeControl "180+1"]
[EndTime "9:33:18 PST"]
[Termination "evgchess5 won by resignation"]

1. e4 c5 2. Nf3 d6 3. Bb5+ Nc6 4. d4 cxd4 5. Qxd4 Bd7 6. Qd3 Nf6 7. c4 g6 8. O-O Bg7 9. Nc3 O-O 10. h3 a6 11.
Bxc6 Bxc6 12. Nd4 Nd7 13. Be3 Rc8 14. Rac1 Qa5 15. b3 Nc5 16. Qd2 Qd8 17. f3 Ne6 18. Nde2 Re8 19. Rfd1 Qa5 20. Nd5 Qxd2 21. Rxd2 f6 22. Nb6 Rcd8 23. a4 Nc5 24. Rb1 f5 25. exf5 gxf5 26. Nd4 f4 27. Bf2 Bxd4 28. Bxd4 Nd7 29.
Re1 Kf7 30. b4 Nxb6 31. Bxb6 Rc8 32. b5 Bd7 33. Rd4 axb5 34. axb5 e5 35. Rxd6 Be6 36.
c5 Bf5 37. c6 bxc6 38. bxc6 Rb8 39. c7 Rbc8 40. Rd8 Re7 41. Kf2 Ke6 42. Red1 Rcxc7 43. R8d6+ Kf7 44. Bxc7 Rxc7 45. R1d2 Re7 46. Rb6 Bg6 47. Rdd6 Re8 48. Rd5 Re7 49. Rdd6 Re8 50. Rd7+ Kf8 51.
Rc7 Kg8 52. h4 Kf8 53. h5 Bd3 54. Rd6 Bb1 55. Rf6+ Kg8 56. Rb6 Kf8 57. Rxb1 1-0

[Event "Early-Titled-Tuesday-Blitz-January-16-2024"]
[Site "Chess.com"]
[Date "2024.01.16"]
[Round "8"]
[White "Zhigalko_Sergei"]
[Black "Bigfish1995"]
[Result "0-1"]
[WhiteElo "2961"]
[BlackElo "3049"]
[TimeControl "180+1"]
[EndTime "9:33:19 PST"]
[Termination "Bigfish1995 won on time"]

1. e4 c6 2. d4 d5 3. e5 Bf5 4. Nf3 e6 5. Be2 Nd7 6. O-O a5 7. Nbd2 a4 8. Re1 a3 9. c4 axb2 10. Bxb2 Bb4 11. Qb3 Qa5 12. cxd5 exd5 13. Bd3 Bxd3 14.
Qxd3 Nf8 15. a3 Bxd2 16. Nxd2 Ne6 17. Bc3 Qa6 18. Qh3 Ne7 19. Bb4 Ng6 20. Nf3 h6 21. Qf5 b6 22. Rac1 Qb7 23. h4 Rc8 24. Bd6 Ne7 25. Qg4 O-O 26. h5 c5 27. dxc5 bxc5 28.
Nh4 Rfd8 29. Bxe7 Qxe7 30. Nf5 Qg5 31. Qxg5 hxg5 32. Ne7+ Kf8 33. Nxc8 Rxc8 34. Red1 d4 35. Rc4 Ke7 36. Rb1 Kd7 37. Rb7+ Kc6 38. Rxf7 Kd5 39.
Rc1 c4 40. Rd7+ Kc5 41. Re7 Nf4 42. Kf1 d3 43. Rd7 Nd5 44. e6 Re8 45. e7 Rxe7 46.
Rd8 Rc7 47. g3 d2 48. Rd1 c3 49.
Ke2 c2 50. Kxd2 cxd1=Q+ 51. Kxd1 Kd4 52. Kd2 Ke4 53. Ke2 Nf6 54. Rf8 Nxh5 55. Kf1 Nf6 56. Kg2 Ra7 0-1

[Event "Early-Titled-Tuesday-Blitz-January-16-2024"]
[Site "Chess.com"]
[Date "2024.01.16"]
[Round "8"]
[White "Schachmalanders"]
[Black "Marcin"]
[Result "1-0"]
[WhiteElo "2468"]
[BlackElo "2484"]
[TimeControl "180+1"]
[EndTime "9:33:19 PST"]
[Termination "Schachmalanders won by resignation"]

1. e4 e5 2. Nf3 Nc6 3. Nc3 Nf6 4. d4 exd4 5. Nxd4 Nxe4 6. Nxe4 Qe7 7. Nxc6 Qxe4+ 8. Be2 dxc6 9. O-O Be7 10. Bf3 Qh4 11. Re1 Be6 12. g3 Qf6 13. h4 h6 14. Bf4 Rd8 15. Qe2 Bd6 16. Bd2 O-O 17. Bc3 Qg6 18. h5 Qg5 19. Bd2 Qe5 20. Qxe5 Bxe5 21. Bb4 Bd6 22. Bc3 Bc5 23. Kg2 Rd7 24.
a4 a6 25. b4 Bd4 26. Ra3 Rfd8 27. b5 axb5 28. axb5 cxb5 29. Bxb7 b4 30. Bxb4 Rb8 31. Bc6 Rxb4 32. Rxe6 fxe6 33. Bxd7 Rb6 34. Be8 Kf8 35. Ra8 Ke7 36. Bg6 c5 37. Ra7+ Kd6 38. Ra8 Rb2 39.
Rd8+ Kc7 40. Re8 Kd6 41. Rg8 Ra2 42. Re8 Ra1 43. Bf7 Re1 44. Kf3 Kd7 45. Ra8 Rf1 46.
Ra7+ Kd6 47. Ra6+ Ke7 48. Bxe6 Rxf2+ 49. Kg4 Rxc2 50. Bd5 Re2 51. Ra7+ Kd6 52. Bf3 Re5 53. Rxg7 c4 54. Rg6+ Kc5 55. Rxh6 c3 56. Rc6+ Kb4 57.
h6 Kb3 58. h7 Re7 59. Bd5+ Kb2 60. Rb6+ Kc1 61. Rb4 Rg7+ 62. Kf5 Rxh7 63. Rxd4 c2 64. Be4 Rf7+ 65. Ke6 Rf2 66. Rc4 Kd1 67. Bxc2+ Rxc2 68. Rxc2 Kxc2 69. g4 1-0

[Event "Early-Titled-Tuesday-Blitz-January-16-2024"]
[Site "Chess.com"]
[Date "2024.01.16"]
[Round "8"]
[White "Matrix3x3a"]
[Black "IMRosen"]
[Result "0-1"]
[WhiteElo "2455"]
[BlackElo "2652"]
[TimeControl "180+1"]
[EndTime "9:33:21 PST"]
[Termination "IMRosen won by resignation"]

1. d4 d5 2. c4 e6 3. Nf3 Nf6 4. g3 dxc4 5. Bg2 Bb4+ 6. Bd2 c5 7. a3 Bxd2+ 8. Nbxd2 cxd4 9. Nxc4 Nc6 10. O-O O-O 11.
Rc1 d3 12. Qxd3 Qxd3 13. exd3 Rb8 14. Rfd1 Rd8 15. Nce5 Ne7 16. Rc7 Nfd5 17. Rcc1 b6 18. Nd4 Bb7 19. b4 Rbc8 20. Nb5 a6 21. Na7 Rc3 22.
Rxc3 Nxc3 23. Rd2 Bxg2 24. Kxg2 f6 25. Nec6 Nxc6 26. Nxc6 Rd6 27. Na7 Kf7 28. Kf3 Ke8 29. Ke3 Kd7 30. Rc2 Nd5+ 31. Kd2 Ne7 32. b5 a5 33. a4 Rd4 34. Nc6 Nxc6 35. Rxc6 Rxa4 36. Rxb6 Ra2+ 37. Ke3 Rb2 38. Rb7+ Kd6 39. Rxg7 h5 40. Rh7 Rxb5 41. Ra7 Re5+ 42. Kd2 Rd5 43. Ke3 Rb5 44. Kd2 Kc6 45. Kc3 Kb6 46. Ra8 Re5 47. Kd2 Rb5 48. Kc3 Rc5+ 49. Kd2 Kb5 50. d4 Rf5 51. Ke3 Kb4 52. Rb8+ Rb5 53. Ra8 a4 54. Ke4 a3 55.
f4 Ra5 56. Rb8+ Kc3 57. Rb1 a2 58. Re1 Rb5 59. Ra1 Kb2 60. Re1 a1=Q 61. Rxa1 Kxa1 62. f5 Rxf5 0-1

[Event "Early-Titled-Tuesday-Blitz-January-16-2024"]
[Site "Chess.com"]
[Date "2024.01.16"]
[Round "8"]
[White "Matols"]
[Black "hongnhung1234"]
[Result "0-1"]
[WhiteElo "2394"]
[BlackElo "2578"]
[TimeControl "180+1"]
[EndTime "9:33:21 PST"]
[Termination "hongnhung1234 won by resignation"]

1. d4 f5 2. Nf3 Nf6 3. g3 g6 4. Bg2 Bg7 5. O-O O-O 6. b3 d6 7. Bb2 Ne4 8. Nbd2 Nc6 9. c4 Nxd2 10. Qxd2 e5 11. dxe5 dxe5 12. Rfd1 Qxd2 13. Rxd2 e4 14. Bxg7 Kxg7 15. Nd4 Rd8 16. Rad1 Nxd4 17. Rxd4 Rxd4 18. Rxd4 Be6 19. f3 exf3 20. exf3 Re8 21. Kf2 Kf6 22.
f4 c6 23. Bf3 a5 24. Rd2 a4 25. Be2 Ra8 26. b4 a3 27. Ke3 Ra4 28. b5 cxb5 29.
cxb5 Re4+ 30. Kf2 Rb4 31. Rd3 Rxb5 32. Rxa3 Rb2 33. Re3 Bxa2 34. Ke1 Bd5 35. Re8 b5 36.
Rh8 b4 37. Rxh7 b3 38. Rh8 Rb1+ 39. Kd2 Rh1 40. Kc3 Rc1+ 41. Kd4 b2 42. Rb8 b1=Q 43. Rxb1 Rxb1 44. Kxd5 Rb2 45. Bf3 Rxh2 46. g4 fxg4 47.
Bxg4 Rh4 48. Be2 Rxf4 49. Bd3 g5 50. Be4 g4 51. Kd4 g3 52. Ke3 Kg5 53. Bd5 Rf8 54.
Bc6 Kh4 0-1

[Event "Early-Titled-Tuesday-Blitz-January-16-2024"]
[Site "Chess.com"]
[Date "2024.01.16"]
[Round "8"]
[White "Zheenbekov86"]
[Black "CrushingKings"]
[Result "1/2-1/2"]
[WhiteElo "2501"]
[BlackElo "2658"]
[TimeControl "180+1"]
[EndTime "9:33:23 PST"]
[Termination "Game drawn - insufficient material"]

1. d4 g6 2. Nf3 Bg7 3. g3 Nf6 4. Bg2 O-O 5. O-O d6 6. c4 Nbd7 7. Nc3 c5 8. d5 Rb8 9. a4 b6 10. h3 a6 11. e4 Ne8 12. Qd3 Nc7 13. Bf4 b5 14. axb5 axb5 15. cxb5 Nf6 16. Rad1 Bd7 17.
e5 Nfe8 18. e6 fxe6 19. dxe6 Bxb5 20. Nxb5 Nxb5 21. Ng5 Nd4 22. Nf7 Qc8 23. Bd5 Nc7 24. Qc4 Rb4 25. Qa2 Ne2+ 26. Kh1 Rxb2 27. Qc4 Nxf4 28. gxf4 Rb4 29. Qa2 Rxf4 30. Nxd6 Qb8 31. Nf7 Rd4 32. Bg2 Qc8 33. Rxd4 Bxd4 34. Bd5 Nxd5 35. Qxd5 Qa8 36. Qxa8 Rxa8 37. f4 Ra2 38. f5 Kg7 39. fxg6 hxg6 40. Nd8 Rf2 41. Rxf2 Bxf2 42. Kg2 Bd4 43. Kf3 Kf6 44. Ke4 Bg1 45. Kd5 g5 46.
Nc6 c4 47. Kxc4 Kxe6 48. Kd3 Kf6 49. Ke4 e6 50. Ne5 Ke7 51. Nf3 Bb6 52. Nxg5 Kf6 53. Nxe6 Kxe6 54. h4 Bd8 55. h5 Bf6 56. h6 Kf7 57. h7 Bh8 58. Kf5 Kg7 59. Kg5 Kxh7 1/2-1/2

[Event "Early-Titled-Tuesday-Blitz-January-16-2024"]
[Site "Chess.com"]
[Date "2024.01.16"]
[Round "8"]
[White "Gryffindorac8"]
[Black "FMVolodymyrSakun"]
[Result "1-0"]
[WhiteElo "2376"]
[BlackElo "2541"]
[TimeControl "180+1"]
[EndTime "9:33:23 PST"]
[Termination "Gryffindorac8 won by checkmate"]

1. d4 Nf6 2. c4 c5 3. d5 b5 4. cxb5 a6 5. b6 d6 6. Nc3 Nbd7 7. e4 Nxb6 8. Nf3 g6 9. Be2 Bg7 10. O-O O-O 11. Rb1 a5 12. a4 Ba6 13. Bxa6 Rxa6 14. Qc2 Nfd7 15. Nd2 Ra8 16. Nb5 Ne5 17. b3 Rc8 18.
Nc4 Nbxc4 19. bxc4 e6 20. f4 Ng4 21. h3 Nf6 22. e5 dxe5 23. fxe5 Nd7 24. Bb2 Qg5 25. Nd6 Rb8 26. Ne4 Qe3+ 27. Kh1 Rxb2 28. Rxb2 Bxe5 29. Rb3 Qd4 30. Rd1 exd5 31. Rxd4 Bxd4 32. cxd5 Ne5 33. Nxc5 Rd8 34. Nb7 Rxd5 35. Qc8+ Kg7 36. Rb5 Rd7 37. Nc5 Re7 38. Ne4 Nd7 39. Qc2 Nf8 40. Rd5 Be5 41. Rxe5 Rxe5 42. Qc3 Nd7 43.
Nd6 f6 44. Nc4 Rd5 45. Nxa5 Kf7 46. Nb7 Ke6 47. Qc6+ Kf7 48. Qxd5+ Ke7 49. Nc5 Ne5 50. Qe6+ Kd8 51. Qxf6+ Kc7 52. Qxe5+ Kb6 53. Qd6+ Ka5 54. Nb3+ Kxa4 55. Qb6 Ka3 56. Nd4 Ka4 57. Qb3+ Ka5 58. Qb5# 1-0

[Event "Early-Titled-Tuesday-Blitz-January-16-2024"]
[Site "Chess.com"]
[Date "2024.01.16"]
[Round "8"]
[White "temiksmozg"]
[Black "Payyappat"]
[Result "1-0"]
[WhiteElo "2622"]
[BlackElo "2445"]
[TimeControl "180+1"]
[EndTime "9:33:24 PST"]
[Termination "temiksmozg won on time"]

1. e4 c6 2. Ne2 d5 3. e5 Bf5 4. Ng3 e6 5. Nxf5 exf5 6. d4 f6 7.
Bd3 fxe5 8. dxe5 Bc5 9. Bxf5 Ne7 10. Be6 Ng6 11. O-O Qe7 12. Bf5 O-O 13. Qh5 Nd7 14. Bxd7 Qxd7 15. Nc3 Rf5 16. Qh3 Raf8 17. Be3 d4 18. Ne4 dxe3 19. Nxc5 Qd5 20. Nd3 exf2+ 21. Kh1 Nxe5 22. Rad1 Nxd3 23. Qxd3 Qxd3 24. Rxd3 Re5 25. g3 Re2 26. Rc3 Rd8 27. Kg2 Rdd2 28. Rb3 b6 29. Ra3 Rxc2 30. Rxa7 Rxb2 31. a4 h5 32. Rc7 c5 33. a5 bxa5 34. Rxc5 a4 35. Ra5 Ra2 36. Rxh5 a3 37. Ra5 Kf7 38. Ra6 Ke7 39. g4 Kd7 40. h4 Kc7 41. h5 Kb7 42. Ra4 Kb6 43. g5 Kb5 44. Ra8 Re5 45. Rb1+ Kc5 46. Ra5+ Kd4 47.
Rb4+ Kc3 48. Rxe5 Kxb4 49. h6 gxh6 50. gxh6 Rc2 51. Re8 a2 52. Rb8+ Ka5 53. h7 Rc6 54.
h8=Q 1-0

[Event "Early-Titled-Tuesday-Blitz-January-16-2024"]
[Site "Chess.com"]
[Date "2024.01.16"]
[Round "8"]
[White "Let_it_be_1"]
[Black "Carlitus2004"]
[Result "1/2-1/2"]
[WhiteElo "2602"]
[BlackElo "2446"]
[TimeControl "180+1"]
[EndTime "9:33:25 PST"]
[Termination "Game drawn by repetition"]

1. e4 c6 2. d4 d5 3. Nd2 dxe4 4. Nxe4 Bf5 5. Ng3 Bg6 6. N1e2 e5 7. c3 exd4 8. Nxd4 Nf6 9. Bc4 Be7 10. O-O O-O 11.
Ngf5 Bc5 12. Bg5 Nbd7 13. Re1 Qb6 14. b4 Bxd4 15. Nxd4 Rfe8 16. Qb3 h6 17. Bf4 Qd8 18. Rad1 Rxe1+ 19. Rxe1 Qf8 20. h3 Nb6 21. Bf1 Re8 22.
Rd1 Nbd5 23. Bd2 Ne4 24. Be1 Qe7 25. c4 Nc7 26. b5 cxb5 27. cxb5 Nc5 28. Qc4 N7e6 29.
Bb4 b6 30. Nxe6 Qxe6 31. Bxc5 Qxc4 32. Bxc4 bxc5 33. Rd7 Re1+ 34. Kh2 Rc1 35. Bd5 c4 36. Rxa7 c3 37. Rc7 c2 38. Bb3 Rb1 39. Bxc2 Bxc2 40. Rxc2 Rxb5 41. a4 Rb3 42. Ra2 Rb6 43. a5 Ra6 44.
Kg3 Kf8 45. Kf4 Ke7 46. Ke5 Kd7 47. Kd5 Kc7 48. Kc5 Kb7 49. Kb5 Re6 50. a6+ Ka7 51.
Kc5 Rg6 52. f3 Rf6 53. Kd5 Re6 54. Kd4 Rd6+ 55. Ke5 Re6+ 56. Kf4 Rf6+ 57. Ke3 Re6+ 58. Kf4 Rf6+ 59. Ke5 Re6+ 60. Kf5 Rf6+ 61. Ke5 Re6+ 1/2-1/2

[Event "Early-Titled-Tuesday-Blitz-January-16-2024"]
[Site "Chess.com"]
[Date "2024.01.16"]
[Round "8"]
[White "lasRojas"]
[Black "NowInChess"]
[Result "1-0"]
[WhiteElo "2467"]
[BlackElo "2292"]
[TimeControl "180+1"]
[EndTime "9:33:26 PST"]
[Termination "lasRojas won on time"]

1. e4 e6 2. d4 d5 3. Nd2 Nc6 4. Ngf3 Nf6 5. Bd3 Nb4 6. O-O Nxd3 7. cxd3 Be7 8. a3 O-O 9. b4 a5 10. b5 a4 11. Qc2 Nd7 12. Rb1 Nb6 13. Rd1 Bd7 14.
Ne5 Be8 15. Qc3 f6 16. Nef3 Bd7 17. Nf1 Rc8 18. Ne3 Qe8 19. Qb2 Qg6 20. e5 f5 21. Bd2 f4 22. Nf1 Qf5 23. Bb4 Rf7 24. Rbc1 g5 25. Bc5 g4 26. Ne1 f3 27. g3 h5 28. Bxb6 cxb6 29. Rxc8+ Bxc8 30. Qc1 Rf8 31. Ne3 Qg5 32. Nf1 Qxc1 33. Rxc1 Bxa3 34. Ra1 Bb2 35. Rxa4 Bxd4 36. Rxd4 Bd7 37. Rb4 Ra8 38. Ne3 Ra5 39. N1c2 Rxb5 40. Rxb5 Bxb5 41. d4 Bd7 42. Kf1 Kf7 43. Ke1 Ba4 44. Kd2 Bc6 45. Kd3 b5 46. Kc3 b6 47. Kb4 Ke7 48. Na3 Kd7 49.
Nxb5 Bb7 50. Nc3 Ba6 51. Na4 Bd3 52. Nxb6+ Kc6 53. Na4 Be2 54. Nc5 Bb5 55. Nxe6 Be2 56. Nf4 Kd7 57. Nexd5 Bf1 58. Ne3 Be2 59. d5 Ke7 60. Kc5 Kd7 61. d6 Ba6 62. e6+ Ke8 63. d7+ Ke7 64. Ned5+ Kd8 65. Kd6 1-0

[Event "Early-Titled-Tuesday-Blitz-January-16-2024"]
[Site "Chess.com"]
[Date "2024.01.16"]
[Round "8"]
[White "campochess"]
[Black "karinachess1"]
[Result "0-1"]
[WhiteElo "2154"]
[BlackElo "2616"]
[TimeControl "180+1"]
[EndTime "9:33:27 PST"]
[Termination "karinachess1 won on time"]

1. e4 e5 2. Bc4 Nf6 3. d3 c6 4. Nc3 Be7 5. Bg5 h6 6. Bh4 O-O 7. Nf3 b5 8. Bb3 a5 9. a4 b4 10. Ne2 d5 11. Nxe5 Qc7 12. Bg3 Bd6 13.
f4 dxe4 14. O-O Ba6 15. Nd4 Bc5 16. Bf2 Qb6 17. Nf5 Bxf2+ 18. Rxf2 exd3 19. cxd3 Nbd7 20. Nc4 Bxc4 21. Bxc4 Nc5 22. Qf3 Kh7 23. Kh1 Rad8 24. d4 Ne6 25. Rd2 Nxd4 26. Nxd4 Rxd4 27. Rxd4 Qxd4 28.
Qd3+ Qxd3 29. Bxd3+ g6 30. h3 Rd8 31. Bc4 Kg7 32. Re1 Rd4 33. b3 Rxf4 34. Re7 Nd5 35. Ra7 Ne3 36. Be2 Rf2 37. Bf3 Rb2 38. Rxa5 Rxb3 39.
Rc5 Rc3 40. Re5 b3 41. Re8 b2 42. Rb8 Rc1+ 43. Kh2 Nf1+ 44. Kg1 Nd2+ 45. Kf2 b1=Q 46. Rxb1 Rxb1 47. Bxc6 Ra1 48. Ke3 Nc4+ 49. Kd4 Nb6 50. Kc5 Nxa4+ 51. Kb4 Nb6 52. Kc5 Nc8 53. Bd7 Ne7 54.
Kd6 Nf5+ 55. Ke5 Ra5+ 56. Kf4 Kf6 57. g4 g5+ 58. Kf3 Ra3+ 59. Kf2 Nh4 60. Bc6 Rxh3 61. Kf1 Rc3 0-1

[Event "Early-Titled-Tuesday-Blitz-January-16-2024"]
[Site "Chess.com"]
[Date "2024.01.16"]
[Round "8"]
[White "MyDream003"]
[Black "shimastream"]
[Result "0-1"]
[WhiteElo "2875"]
[BlackElo "3015"]
[TimeControl "180+1"]
[EndTime "9:33:28 PST"]
[Termination "shimastream won on time"]

1. e4 c5 2. Nf3 e6 3. d4 cxd4 4. Nxd4 Bc5 5. Nb3 Bb6 6. Bd3 Ne7 7. Nc3 O-O 8. Qe2 f5 9. Bg5 h6 10. Bxe7 Qxe7 11. exf5 Nc6 12. O-O-O d5 13. Kb1 Qf7 14. f4 Kh8 15. fxe6 Bxe6 16. f5 Bd7 17. f6 gxf6 18.
Rhf1 Rae8 19. Qd2 Be3 20. Qe1 d4 21. Ne2 f5 22. Qh4 Qg7 23. Ng3 f4 24. Nh5 Qg5 25.
Qxg5 hxg5 26. h3 b6 27. a3 Ne5 28. Be2 Bc6 29. Bf3 Nxf3 30. gxf3 Rd8 31. h4 gxh4 32. Nd2 h3 33. Rh1 Bd7 34. Ne4 Bf5 35. Nhf6 Rc8 36. Ng4 Bxg4 37. fxg4 f3 38. Rxh3+ Kg7 39.
Rf1 f2 40. Ng3 Kg6 41. Nf5 Rce8 42. Rf3 Kg5 43. Rg3 Kf4 44. Rg2 Kf3 45. Nh4+ Ke2 46. Rh1 Re4 47. Nf5 Rxg4 48. Rxg4 Rxf5 49. Rg2 Rf3 50. Rgh2 Rg3 51. Ka2 Kf3 52. Rf1 Rg1 53. Rh1 Rxf1 54. Rxf1 Ke2 0-1

[Event "Early-Titled-Tuesday-Blitz-January-16-2024"]
[Site "Chess.com"]
[Date "2024.01.16"]
[Round "8"]
[White "Gabrielian_Artur"]
[Black "MITerryble"]
[Result "0-1"]
[WhiteElo "2793"]
[BlackElo "3022"]
[TimeControl "180+1"]
[EndTime "9:33:28 PST"]
[Termination "MITerryble won on time"]

1. e4 e6 2. d4 d5 3. Nc3 Nf6 4. Bg5 Bb4 5. e5 h6 6. Bc1 Ne4 7. Qg4 g6 8. a3 Bxc3+ 9. bxc3 c5 10. Ne2 cxd4 11. cxd4 Qa5+ 12. c3 Bd7 13. h4 Bb5 14. Rh3 Nc6 15. a4 Bxe2 16. Bxe2 Nxd4 17. Bd1 Rc8 18. Ra3 Nc6 19. Qf4 Qc7 20. Re3 g5 21. Qh2 gxh4 22. Qxh4 Qxe5 23. f3 Qg3+ 24. Qxg3 Nxg3 25.
Kf2 Nf5 26. Re1 Nd6 27. Be2 Na5 28. Ra2 Kd7 29. Rh1 h5 30. Be3 b6 31. Bd4 Rh7 32. g4 h4 33. Bd3 f5 34. Re2 Rf8 35. Rhe1 Re7 36. g5 Ne4+ 37. Bxe4 fxe4 38. Bf6 exf3 39. Bxe7 Kxe7 40. Rxe6+ Kd7 41. Rf6 Rg8 42. g6 Nc4 43. Kxf3 Nd6 44. Kf4 Ne4 45. Rf7+ Ke6 46. Rxa7 Rxg6 47.
Rb7 Rf6+ 48. Kg4 Ke5 49. Kxh4 Rf4+ 50. Kh5 Kf5 51. Kh6 Rh4+ 52. Kg7 Rg4+ 53. Kf8 Nxc3 54. Rf7+ Kg5 55. Re6 Nxa4 0-1

[Event "Early-Titled-Tuesday-Blitz-January-16-2024"]
[Site "Chess.com"]
[Date "2024.01.16"]
[Round "8"]
[White "rhungaski"]
[Black "yonaltimur"]
[Result "1/2-1/2"]
[WhiteElo "2534"]
[BlackElo "2327"]
[TimeControl "180+1"]
[EndTime "9:33:28 PST"]
[Termination "Game drawn by repetition"]

1. e4 c5 2. Nf3 d6 3. d4 cxd4 4. Nxd4 Nf6 5. Nc3 a6 6. Be2 e5 7.
Nb3 Be6 8. O-O Be7 9. Re1 O-O 10. Bf3 Nbd7 11. a4 Rc8 12. Nd2 g6 13. Nf1 Kg7 14. Ne3 Nc5 15. a5 h5 16. Ra3 h4 17. b4 Ncd7 18. Ncd5 h3 19. g3 Bxd5 20. exd5 e4 21. Be2 Ne5 22. Qd4 Qd7 23. Bb2 Rfe8 24. c4 Nh7 25.
Qxe4 f5 26. Qc2 Bf6 27. f4 Nf7 28. Bf1 Re4 29. Bd3 Re7 30. Raa1 Rce8 31. Kf2 Nh6 32. Kf3 Ng4 33. Nxf5+ gxf5 34. Bxf5 Nxh2+ 35. Kf2 Qd8 36. Bxh7 Rxe1 37. Rxe1 Ng4+ 38. Kf3 Rxe1 39. Qg6+ Kf8 40.
Qg8+ Ke7 41. Qxg4 Bxb2 42. Be4 h2 43. Qe6+ Kf8 44. Qh6+ Ke7 45. Qe6+ Kf8 46. Qh6+ Ke8 47. Qxh2 Qf6 48. Qh5+ Ke7 49. Qh7+ Kd8 50. Qg8+ Kc7 51. Qe8 Qc3+ 52. Kg4 Rg1 53. Qe7+ Kb8 54. Qd8+ Ka7 55.
Qb6+ Kb8 56. Qd8+ Ka7 57. Qb6+ Kb8 58. Qd8+ 1/2-1/2

[Event "Early-Titled-Tuesday-Blitz-January-16-2024"]
[Site "Chess.com"]
[Date "2024.01.16"]
[Round "8"]
[White "Yurasova_Daria"]
[Black "AlexandraSamaganova"]
[Result "1-0"]
[WhiteElo "2439"]
[BlackElo "2292"]
[TimeControl "180+1"]
[EndTime "9:33:29 PST"]
[Termination "Yurasova_Daria won on time"]

1. d4 Nf6 2. Bg5 e6 3. e4 h6 4.
Bxf6 Qxf6 5. Nc3 b6 6. Qd2 Bb7 7. O-O-O Bb4 8. f3 d6 9. Kb1 Nd7 10. Bb5 O-O-O 11. Nge2 a6 12. Bc4 d5 13. e5 Qe7 14. Bd3 Kb8 15. f4 c5 16. a3 Ba5 17.
dxc5 bxc5 18. Nxd5 Bxd5 19. Qxa5 c4 20. Bxc4 Bxc4 21.
Nd4 Rc8 22. b3 Bd5 23. Qxa6 Nc5 24. Qb6+ Qb7 25. Qd6+ Rc7 26. a4 Ne4 27. Qa3 Nc3+ 28. Kb2 Nxd1+ 29. Rxd1 Rhc8 30. Qd6 Ka8 31. Rd2 Be4 32.
c4 Rd7 33. Qa3 Qb6 34. Kc3 Rcd8 35. c5 Qa5+ 36. b4 Qa7 37. b5 Rc8 38. c6 Rd5 39.
Qb4 Rc5+ 40. Kb3 Rd5 41. a5 Qc5 42. b6 Qxa5 43. b7+ Kb8 44. bxc8=Q+ Kxc8 45. Qb7+ Kd8 46. Qb8+ Ke7 47. Qb4+ Qxb4+ 48. Kxb4 Rd8 49. Kc5 Rd5+ 50. Kb6 Rd8 51. c7 Rc8 52. Nc6+ Ke8 53. Rd8+ 1-0

[Event "Early-Titled-Tuesday-Blitz-January-16-2024"]
[Site "Chess.com"]
[Date "2024.01.16"]
[Round "8"]
[White "Polish_fighter3000"]
[Black "vugarrasulov"]
[Result "1/2-1/2"]
[WhiteElo "3076"]
[BlackElo "2973"]
[TimeControl "180+1"]
[EndTime "9:33:30 PST"]
[Termination "Game drawn - insufficient material"]

1. d4 Nf6 2. c4 e6 3. Nf3 c5 4. e3 d5 5. Nc3 a6 6. cxd5 exd5 7. Bd3 Nc6 8. h3 cxd4 9. Nxd4 Nxd4 10. exd4 Be7 11. O-O O-O 12. Re1 Be6 13. Bf4 Rc8 14.
a3 Re8 15. Rc1 h6 16. Rc2 b5 17. Qf3 Qb6 18. Rce2 Qxd4 19. Be5 Qb6 20. Bxf6 Bxf6 21.
Nxd5 Qd4 22. Nxf6+ Qxf6 23. Qxf6 gxf6 24. Bf5 Rc6 25.
f4 Kf8 26. Kf2 a5 27. Kg3 b4 28. axb4 axb4 29. Kh4 Kg7 30. Re3 Rc4 31. g3 Rc6 32.
Re4 b3 33. R1e3 Rb6 34. Bg4 Kf8 35. f5 Bd7 36. Rxe8+ Bxe8 37. Kh5 Ba4 38. Kxh6 Rd6 39. Re4 Bd7 40. Re3 Ba4 41. Re4 Bd7 42. Rb4 Rd3 43.
h4 Rxg3 44. h5 Ke7 45. Re4+ Kd6 46. Rd4+ Ke7 47. Rc4 Kd6 48. Rb4 Rg2 49. Bd1 Rxb2 50. Bxb3 Bxf5 51. Kg7 Be6 52. Rd4+ Ke5 53. Bxe6 Kxd4 54.
Bxf7 Ke5 55. h6 f5 56. h7 Rh2 57. h8=Q Rxh8 58. Kxh8 f4 59. Bh5 f3 60. Bxf3 1/2-1/2

[Event "Early-Titled-Tuesday-Blitz-January-16-2024"]
[Site "Chess.com"]
[Date "2024.01.16"]
[Round "8"]
[White "Mikhail_Golubev"]
[Black "GrotBchess"]
[Result "1-0"]
[WhiteElo "2532"]
[BlackElo "2308"]
[TimeControl "180+1"]
[EndTime "9:33:30 PST"]
[Termination "Mikhail_Golubev won by resignation"]

1. e4 c5 2. Nf3 e6 3. d4 cxd4 4. Nxd4 Nc6 5. Nc3 Qc7 6. Be3 a6 7. a3 Nf6 8. f4 d6 9. Qf3 Nxd4 10.
Bxd4 b5 11. g4 e5 12. Be3 Bxg4 13. Qg3 Be6 14. f5 Bc4 15. Bg5 Nd7 16. O-O-O Nb6 17.
f6 g6 18. Be3 Na4 19. Nxa4 bxa4 20. Bxc4 Qxc4 21. Kb1 Rb8 22. Bc1 Qb5 23. Rd5 Qb6 24.
Rhd1 h5 25. Rxe5+ Kd7 26. Red5 h4 27. Qh3+ Kc7 28. e5 Rh5 29. e6 Rxd5 30. Rxd5 fxe6 31. Qxe6 Kb7 32. Qf7+ Ka8 33. Qxg6 Qc6 34. Qd3 Qb6 35. Qe4 Qb7 36. Rd4 Ka7 37. Qxb7+ Kxb7 38. Rxh4 Kc6 39. Rxa4 Re8 40. Rxa6+ Kd5 41. c3 Re1 42. Kc2 Re2+ 43. Kd3 Rxh2 44. Ra5+ Ke6 45. b4 Kxf6 46. a4 Ke6 47. Kc4 Rh3 48. Kb3 Bg7 49. Bb2 Be5 50. Ra6 Kd5 51. a5 Ke4 52. Ra8 Kd3 53.
Rc8 Kd2 54. a6 Rh7 55. Rc6 Kd3 56. b5 d5 57. b6 d4 58. a7 dxc3 59. Bxc3 Bxc3 60.
Rxc3+ 1-0

[Event "Early-Titled-Tuesday-Blitz-January-16-2024"]
[Site "Chess.com"]
[Date "2024.01.16"]
[Round "8"]
[White "Rsnr"]
[Black "Mops_2004"]
[Result "1/2-1/2"]
[WhiteElo "2863"]
[BlackElo "2684"]
[TimeControl "180+1"]
[EndTime "9:33:31 PST"]
[Termination "Game drawn - insufficient material"]

1. d4 d5 2. c4 e6 3. Nc3 a6 4.
cxd5 exd5 5. Nf3 Nf6 6. Bg5 Be6 7. Bxf6 Qxf6 8. Qb3 Ra7 9. g3 Bd6 10. Bg2 Qd8 11. O-O c6 12. Rfe1 Nd7 13. Rad1 O-O 14. Qc2 f5 15. e3 g5 16. a3 a5 17. Na4 g4 18. Nd2 Qg5 19. Nb3 h5 20. Nbc5 Nxc5 21.
Nxc5 Bc8 22. Nd3 h4 23. Nf4 Kg7 24. Rb1 a4 25. Kf1 Rh8 26. Ke2 Bd7 27. Kd2 Raa8 28.
Rh1 Qd8 29. Rbe1 Qa5+ 30. Qc3 Qxc3+ 31. Kxc3 Kf6 32. Rhg1 Ra6 33. Bf1 Raa8 34. Bd3 Rab8 35. Kc2 b5 36. Ra1 hxg3 37. hxg3 Rh2 38. Rg2 Rxg2 39. Nxg2 Rh8 40. Nh4 Kg5 41. Rg1 Rc8 42. Kd2 c5 43. dxc5 Rxc5 44. Ng2 Be5 45. Rb1 d4 46.
Nf4 dxe3+ 47. fxe3 Bc7 48. Rc1 Ba5+ 49. Kd1 Rxc1+ 50. Kxc1 Be1 51. Ne2 Bc6 52. Kd1 Bf2 53. Kd2 Bf3 54. Bxb5 Bxe2 55. Kxe2 Bxg3 56. Bxa4 Be5 57.
b4 Bb2 58. b5 Bxa3 59. b6 Bd6 60. b7 f4 61. exf4+ Kxf4 62. Bc6 Ke5 63. Kf2 Kf4 64.
Kg2 Bb8 65. Bd7 Bc7 66. Bxg4 Kxg4 67. b8=Q Bxb8 1/2-1/2